 Dungeon Crawl Stone Soup version 0.20.1-1-g8b1a95d (webtiles) character file.

2804 vatarom the Merchant of Misery (level 9, -17/63 HPs)
             Began as a Demonspawn Necromancer on Sept 8, 2017.
             Was a Believer of Kikubaaqudgha.
             Demolished by a two-headed ogre
             ... wielding a +0 giant club
              (18 damage)
             ... on level 8 of the Dungeon.
             The game lasted 00:26:35 (10469 turns).

vatarom the Merchant of Misery (DsNe)              Turns: 10469, Time: 00:26:35

Health: -17/63     AC:  6    Str: 13    XL:     9   Next: 44%
Magic:  27/27      EV: 12    Int: 22    God:    Kikubaaqudgha [**....]
Gold:   400        SH:  0    Dex: 15    Spells: 0/20 levels left

rFire    . . .     SeeInvis .   n - +3 dagger (protect)
rCold    + . .     Gourm    .   (no shield)
rNeg     . . .     Faith    .   a - +1 robe
rPois    .         Spirit   .   (helmet restricted)
rElec    .         Reflect  .   (no cloak)
rCorr    .         Harm     .   w - +0 pair of gloves
MR       .....                  (boots unavailable)
Stlth    ++........             (no amulet)
Regen    0.2/turn               o - ring of magical power
MPRegen  0.2/turn               y - +3 ring of intelligence

@: mighty
A: antennae 2, hooves 3, icy blue scales 1, cold resistance 1, powered by pain 1
a: Receive Corpses, Renounce Religion


You were on level 8 of the Dungeon.
You worshipped Kikubaaqudgha.
Kikubaaqudgha was pleased with you.
You were very hungry.

You visited 2 branches of the dungeon, and saw 9 of its levels.

You collected 400 gold pieces.

Inventory:

Hand Weapons
 m - a +2 whip of flaming
 n - a +3 dagger of protection (weapon)
 q - a +1 hand axe of venom
Armour
 a - a +1 robe (worn)
 g - a +0 pair of gloves
 i - a +0 pair of boots
 w - a +0 pair of gloves (worn)
Jewellery
 h - an uncursed ring of flight
 o - a ring of magical power (left hand)
 y - a +3 ring of intelligence (right hand)
Wands
 p - a wand of polymorph (20/24)
 r - a wand of iceblast (5/15)
Scrolls
 c - a scroll of enchant weapon
 u - a scroll of magic mapping
 z - 3 scrolls of identify
Potions
 d - 3 potions of flight
 e - a potion of might
 k - 2 potions of magic {unknown}
 l - a potion of brilliance
 s - 2 potions of invisibility
 v - a potion of curing
 x - 4 potions of haste
 A - a potion of heal wounds
Books
 b - a book of Necromancy

   Spells                             Type                      Level
   a - Pain                           Necromancy                   1
   b - Animate Skeleton               Necromancy                   1
   c - Vampiric Draining              Necromancy                   3
   d - Regeneration                   Charms/Necromancy            3
   e - Animate Dead                   Necromancy                   4
   f - Control Undead                 Necromancy                   4
 j - Kikubaaqudgha's Volume of Darkness
   (Kikubaaqudgha gifted it to you on level 6 of the Dungeon)

   Spells                             Type                      Level
   a - Animate Skeleton               Necromancy                   1
   b - Corpse Rot                     Necromancy                   2
   c - Sublimation of Blood           Necromancy                   2
   d - Regeneration                   Charms/Necromancy            3
   e - Control Undead                 Necromancy                   4
Comestibles
 f - 2 fruits
 t - 4 royal jellies


   Skills:
 + Level 3.1 Fighting
 + Level 1.9 Short Blades
 - Level 1.7 Dodging
 - Level 1.7 Stealth
 - Level 6.4 Spellcasting
 - Level 11.9 Necromancy


You couldn't memorise any spells.
You knew the following spells:

 Your Spells              Type           Power        Failure   Level  Hunger
a - Pain                  Necr           ####         1%          1    None
b - Animate Skeleton      Necr           N/A          1%          1    None
c - Vampiric Draining     Necr           ######....   1%          3    #......
d - Animate Dead          Necr           N/A          1%          4    ###....
e - Control Undead        Necr           ######....   1%          4    ###....
f - Regeneration          Chrm/Necr      ####......   2%          3    #......
g - Corpse Rot            Necr           N/A          1%          2    None
h - Sublimation of Blood  Necr           ######....   1%          2    None


Dungeon Overview and Level Annotations

Branches:
Dungeon (8/15)             Temple (1/1) D:4
   Lair: D:8-11

Altars:
Ashenzari
Cheibriados
Dithmenos
Elyvilon
Fedhas
Gozag
Hepliaklqana
Kikubaaqudgha
Makhleb
Nemelex Xobeh
Okawaru
Ru
Sif Muna
Trog
Uskayaw
Vehumet
Xom
Yredelemnul
Zin
The Shining One

Annotations:
D:3 gobwax's ghost, amateur DECj


Innate Abilities, Weirdness & Mutations

You have hooves in place of feet.
You are partially covered in icy blue scales. (AC +2)
Your flesh is cold resistant. (rC+)
You sometimes gain a little power by taking damage.
You have a pair of antennae on your head.


Message History

Aiming: Vampiric Draining
Press: ? - help, Shift-Dir - straight line, f/p - two-headed ogre
Aim: a two-headed ogre, wielding two giant clubs (severely wounded)
The two-headed ogre is severely wounded.
You feel life coursing into your body. Something hits you but does no damage.
Casting: Vampiric Draining
Confirm with . or Enter, or press ? or * to list all spells.
Aiming: Vampiric Draining
Press: ? - help, Shift-Dir - straight line, f/p - two-headed ogre
Aim: a two-headed ogre, wielding two giant clubs (severely wounded)
The two-headed ogre is almost dead.
You feel life coursing into your body.
You hear some strange, mumbled words.
Something tries to affect you, but you resist.
The two-headed ogre hits you with a giant club!
* * * LOW HITPOINT WARNING * * *
You focus on the pain.
You feel your power returning.
The two-headed ogre hits you with a giant club!!
You die...
Kikubaaqudgha rasps: "You have failed me!
Welcome... death!"

.# #.# #.# #.# #.# #### #.#
..########.# #.##..{@O..#
####.##.#####.# #
#....Z{{{.###.##
#.##.##.##Z{......## #########
#..{....####.#.....###{.......
#####.#### #..............###.
#.....{.{##
#####.#####....###.
#.###....{# #.# #......(...
####S.# #.# #..........


You could see a two-headed ogre.

Vanquished Creatures
  Pikel (D:4)
  Edmund (D:4)
  2 sky beasts
  3 slaves
  A phantom (D:6)
  8 big kobolds (D:6)
  Blork the orc (D:6)
  A bullfrog (D:6)
  A scorpion (D:7)
  2 howler monkeys
  3 electric eels (D:6)
  A crimson imp (D:6)
  A bullfrog skeleton (D:7)
  2 hounds
  3 orc priests
  3 orc wizards
  Jessica (D:3)
  Ijyb (D:3)
  An iguana (D:7)
  Natasha (thrice) (D:2)
  3 worker ants
  A hound skeleton (D:8)
  Robin (D:4)
  4 gnolls
  9 adders
  2 shadow imps
  An adder zombie (D:2)
  2 adder skeletons (D:4)
  A worm (D:2)
  6 leopard geckos
  24 orcs
  8 bats
  2 bat skeletons (D:2)
  4 giant cockroaches
  4 goblins
  10 hobgoblins
  6 jackals
  4 quokkas
  2 ball pythons
  44 kobolds
  A quokka skeleton (D:4)
  2 quokka zombies
  10 rats
191 creatures vanquished.

Vanquished Creatures (collateral kills)
  Grinder (D:6)
  Sigmund (D:6)
  An ogre (D:7)
  An electric eel (D:6)
  An orc wizard (D:7)
  2 gnolls (D:7)
  A bat zombie (D:2)
  A giant cockroach (D:3)
  6 goblins (D:4)
  A hobgoblin (D:4)
  4 kobolds
  A leopard gecko skeleton (D:2)
  A quokka zombie (D:2)
22 creatures vanquished.

Vanquished Creatures (others)
  A wizard (D:3)
  A worker ant (D:4)
  An orc (D:6)
  A giant cockroach (D:4)
4 creatures vanquished.

Grand Total: 217 creatures vanquished

Notes
Turn   | Place    | Note
-------+----------+-------------------------------------------
     0 | D:1      | vatarom the Demonspawn Necromancer began the quest for the Orb.
     0 | D:1      | Reached XP level 1. HP: 13/13 MP: 3/3
    63 | D:1      | Learned a level 1 spell: Animate Skeleton
   312 | D:1      | Gained mutation: You are partially covered in icy blue scales. (AC +2) [demonic ancestry]
   312 | D:1      | Reached XP level 2. HP: 10/19 MP: 0/5
   449 | D:1      | Reached skill level 5 in Necromancy
   974 | D:2      | Found a radiant altar of Vehumet.
  1108 | D:2      | Reached XP level 3. HP: 22/24 MP: 6/6
  1113 | D:2      | Learned a level 3 spell: Vampiric Draining
  1205 | D:2      | Found a deep blue altar of Sif Muna.
  1453 | D:2      | Reached skill level 6 in Necromancy
  1485 | D:2      | Reached XP level 4. HP: 24/30 MP: 1/7
  1816 | D:2      | Found a burning altar of Makhleb.
  1818 | D:2      | Noticed Natasha
  1822 | D:2      | Killed Natasha
  1873 | D:2      | Found an iron altar of Okawaru.
  1953 | D:2      | Noticed Natasha
  1957 | D:2      | Killed Natasha
  2193 | D:2      | Gained mutation: You have large cloven feet. [demonic ancestry]
  2193 | D:2      | Reached XP level 5. HP: 34/35 MP: 8/8
  2244 | D:3      | Reached skill level 7 in Necromancy
  2396 | D:3      | Noticed Jessica
  2402 | D:3      | Killed Jessica
  2421 | D:3      | Learned a level 4 spell: Animate Dead
  2628 | D:3      | Noticed gobwax's ghost (amateur DECj)
  2645 | D:2      | Noticed Natasha
  2649 | D:2      | Killed Natasha
  2771 | D:3      | Found a bloodstained altar of Trog.
  2772 | D:3      | Noticed a wizard
  2778 | D:3      | Killed a wizard
  2850 | D:3      | Found an iron altar of Okawaru.
  2864 | D:3      | Found an opulent altar of Gozag.
  2864 | D:3      | Found a glowing golden altar of the Shining One.
  2883 | D:3      | Gained mutation: You have hoof-like feet. [demonic ancestry]
  2883 | D:3      | Reached XP level 6. HP: 18/41 MP: 6/10
  3012 | D:3      | Found a shadowy altar of Dithmenos.
  3012 | D:3      | Found a hide-covered altar of Uskayaw.
  3013 | D:3      | Found a blossoming altar of Fedhas.
  3109 | D:3      | Noticed Ijyb
  3116 | D:3      | Killed Ijyb
  3334 | D:4      | Noticed a slave
  3335 | D:4      | Noticed a slave
  3335 | D:4      | Noticed a slave
  3335 | D:4      | Noticed Pikel
  3337 | D:4      | Noticed a slave
  3370 | D:3      | Killed a slave
  3610 | D:2      | Reached skill level 1 in Fighting
  4024 | D:4      | Noticed Robin
  4070 | D:4      | Killed Robin
  4531 | D:4      | Noticed Edmund
  4544 | D:4      | Killed Edmund
  4544 | D:4      | Reached skill level 8 in Necromancy
  4544 | D:4      | Gained mutation: Your flesh is cold resistant. (rC+) [demonic ancestry]
  4544 | D:4      | Reached XP level 7. HP: 39/48 MP: 5/12
  4663 | D:4      | Gained mutation: You have hooves in place of feet. [potion of mutation]
  4663 | D:4      | Gained mutation: You have a pair of small antennae on your head. [potion of mutation]
  4663 | D:4      | Gained mutation: You have a pair of antennae on your head. [potion of mutation]
  4878 | D:4      | Found a staircase to the Ecumenical Temple.
  4908 | Temple   | Entered the Ecumenical Temple
  4935 | Temple   | Became a worshipper of Kikubaaqudgha
  5295 | D:4      | Killed Pikel
  5295 | D:4      | Reached skill level 9 in Necromancy
  5295 | D:4      | Gained mutation: You sometimes gain a little power by taking damage. [demonic ancestry]
  5295 | D:4      | Reached XP level 8. HP: 15/54 MP: 1/14
  5533 | D:5      | Entered Level 5 of the Dungeon
  5947 | D:4      | Learned a level 4 spell: Control Undead
  5951 | D:4      | Learned a level 3 spell: Regeneration
  6691 | D:6      | Reached skill level 10 in Necromancy
  7219 | D:6      | Reached skill level 5 in Spellcasting
  7369 | D:6      | Noticed Grinder
  7386 | D:6      | Killed Grinder
  7567 | D:6      | Reached * piety under Kikubaaqudgha
  7567 | D:6      | Identified Kikubaaqudgha's Volume of Darkness (Kikubaaqudgha gifted it to you on level 6 of the Dungeon)
  7567 | D:6      | Received a gift from Kikubaaqudgha
  7635 | D:6      | Learned a level 2 spell: Corpse Rot
  7704 | D:6      | Reached skill level 11 in Necromancy
  7821 | D:6      | Noticed Sigmund
  7831 | D:6      | Killed Sigmund
  7856 | D:6      | Reached XP level 9. HP: 35/59 MP: 7/18
  8078 | D:6      | Learned a level 2 spell: Sublimation of Blood
  8387 | D:6      | Reached ** piety under Kikubaaqudgha
  8528 | D:6      | Noticed Blork the orc
  8537 | D:6      | Killed Blork the orc
  9365 | D:7      | Found a glowing silver altar of Zin.
  9819 | D:7      | Reached skill level 1 in Short Blades
 10427 | D:8      | Noticed a two-headed ogre
 10450 | D:8      | HP: 3/63 [two-headed ogre/giant club (15)]
 10466 | D:8      | HP: 1/63 [two-headed ogre/giant club (5)]
 10469 | D:8      | Demolished by a two-headed ogre

Skill      XL: |  1  2  3  4  5  6  7  8  9 |
---------------+----------------------------+-----
Necromancy     | 5 6 7 8 9 11 | 11.9
Spellcasting   | 3 4 6 |  6.4
Fighting       | 1 3 |  3.1
Short Blades   | 1 |  1.9
Dodging        | |  1.7
Stealth        | |  1.7

Action                   |  1- 3 |  4- 6 |  7- 9 || total
-------------------------+-------+-------+-------++-------
Melee: Unarmed           |    22 |     5 |       ||    27
       Spear             |       |   103 |    11 ||   114
       Kick              |       |       |     7 ||     7
       Whip              |       |       |    28 ||    28
       Dagger            |       |       |    17 ||    17
 Cast: Pain              |    60 |   119 |   231 ||   410
       Animate Skeleton  |    16 |    10 |     7 ||    33
       Animate Dead      |       |    10 |    25 ||    35
       Vampiric Draining |       |    13 |    39 ||    52
       Corpse Rot        |       |       |     2 ||     2
       Regeneration      |       |       |     5 ||     5
       Control Undead    |       |       |     7 ||     7
Invok: Receive Corpses   |       |       |     2 ||     2
  Use: Scroll            |     4 |     1 |     7 ||    12
       Potion            |     2 |     4 |     5 ||    11
 Stab: Sleeping          |     1 |     1 |     1 ||     3
       Distracted        |       |       |     1 ||     1
  Eat: Chunk             |     3 |     4 |     1 ||     8
       Fruit             |       |     1 |     3 ||     4
       Royal jelly       |       |     1 |       ||     1
       Bread ration      |       |     2 |     3 ||     5
       Meat ration       |       |       |     1 ||     1
Armor: Robe              |    24 |    62 |    45 ||   131
       Skin              |       |    18 |       ||    18
Dodge: Dodged            |    40 |   111 |   106 ||   257
